 Dungeon Crawl Stone Soup version 0.26-a0-980-g0fe3eaa9ac (webtiles) character file.

Game seed: 2437433007368396457

168 siradein the Grave Robber (level 5, -3/35 HPs)
             Began as a Human Necromancer on Dec 5, 2020.
             Slain by an orc wizard
             ... wielding a +0 dagger
              (6 damage)
             ... on level 4 of the Dungeon.
             The game lasted 00:12:32 (3725 turns).

siradein the Grave Robber (Human Necromancer)       Turns: 3725, Time: 00:12:33

Health: -3/35      AC:  4    Str:  8    XL:     5   Next: 78%
Magic:  3/10       EV: 12    Int: 16    God:
Gold:   200        SH:  0    Dex: 14    Spells: 2/11 levels left

rFire    . . .     SeeInvis +   m - +3 flail
rCold    . . .     Faith    .   (no shield)
rNeg     . . .     Spirit   .   a - +0 robe
rPois    .         Reflect  .   g - +2 hat
rElec    .         Harm     .   f - scarf {repulsion}
rCorr    .         Rampage  .   (no gloves)
MR       .....                  (no boots)
Stlth    +++.......             (no amulet)
HPRegen  0.11/turn              b - ring of stealth
MPRegen  0.12/turn              k - ring of see invisible

@: very slightly contaminated, repel missiles
A: no striking features
a: no special abilities


You were on level 4 of the Dungeon.
You visited 1 branch of the dungeon, and saw 4 of its levels.

You collected 200 gold pieces.

Inventory:

Hand Weapons
 m - a +3 flail (weapon)
Armour
 a - a +0 robe (worn)
 f - a scarf of repulsion (worn)
 g - a +2 hat (worn)
Jewellery
 b - a ring of stealth (left hand)
 k - a ring of see invisible (right hand)
 l - an uncursed ring of fire
Wands
 d - a wand of flame (11)
Scrolls
 j - 3 scrolls of identify {unknown}
Potions
 c - 2 potions of curing {unknown}
 e - 2 potions of magic {unknown}
 h - 3 potions of degeneration {unknown}
 i - a potion of might {unknown}


   Skills:
 - Level 2.0 Dodging
 - Level 2.0 Stealth
 + Level 3.8 Spellcasting
 + Level 5.4 Necromancy


You had 2 spell levels left.
You knew the following spells:

 Your Spells              Type           Power        Failure   Level
a - Pain                  Necr           ###.         1%          1
b - Animate Skeleton      Necr           ###...       1%          1
c - Vampiric Draining     Necr           ###.......   5%          3
d - Animate Dead          Necr           ###.......   19%         4

Your spell library contained the following spells:

 Spells                   Type           Power        Failure   Level
 Beastly Appendage        Tmut           #.....       17%         1
 Wereblood                Tmut           #.......     26%         2
 Spider Form              Tmut/Pois      #.........   45%         3
 Agony                    Necr           ###.....     45%         5
 Ice Form                 Ice/Tmut       #.......     86%         4
 Blade Hands              Tmut           #.........   99%         5


Dungeon Overview and Level Annotations

Branches:
Dungeon (4/15)
 Temple: D:4-7

Altars:
Gozag
Sif Muna
Trog

Portals:
Ossuary: D:4

Annotations:
D:3 1 runed translucent door, IdlyInterested's ghost, amateur TeAr


Message History

An orc priest comes into view. It is wielding a +0 whip.
The orc priest moves out of view.
Casting: Animate Skeleton (safe; 1% risk of failure)
Confirm with . or Enter, or press ? or * to list all spells.
Aiming: Pain (safe; 1% risk of failure)
Press: ? - help, Shift-Dir - straight line, f - orc wizard
Aim: an orc wizard, wielding a +0 dagger and wearing a +0 robe (chance to defeat MR: 80%)
The orc wizard writhes in agony.
Casting: Pain (safe; 1% risk of failure)
Confirm with . or Enter, or press ? or * to list all spells.
Aiming: Pain (safe; 1% risk of failure)
Press: ? - help, Shift-Dir - straight line, f/p - orc wizard
Aim: an orc wizard, wielding a +0 dagger and wearing a +0 robe (chance to defeat MR: 80%)
You miscast Pain.
You are very lightly contaminated with residual magic.
Nothing appears to happen.
The orc priest shouts!
The orc wizard begins to cast a cantrip, but forgets the words!
The orc wizard hits you with a +0 dagger.
You die...

#. #. .### >. #. #.#.#.#
#.. ##.##8...#.## #..
#### .∩.##..###.## #..
#...####.##...#...####..
#...........##.##.......
.o.....................
.#.o).......##.......
...8##@##8..####.####..
. #.###..# #.# #..
.............# #..
.#.##.#.###### #..
#.#.##.#.# #.. #
#......##########.
..!#.#.##........<
##.....##.######.# .
####.######.#


You could see an orc priest and an orc wizard.

Vanquished Creatures
  A hound (D:4)
  Robin (D:2)
  4 adders
  An adder zombie (D:4)
  2 worms
  3 dart slugs
  2 leopard geckos
  6 orcs
  5 bats
  3 giant cockroaches
  9 goblins
  12 hobgoblins
  4 jackals
  2 quokkas (D:3)
  5 frilled lizards
  2 kobolds
  5 rats
67 creatures vanquished.

Vanquished Creatures (collateral kills)
  An orc (D:3)
  A ball python (D:1)
  A frilled lizard (D:2)
3 creatures vanquished.

Grand Total: 70 creatures vanquished

Notes
Turn   | Place    | Note
-------+----------+-------------------------------------------
     0 | D:1      | siradein the Human Necromancer began the quest for the Orb.
     0 | D:1      | Reached XP level 1. HP: 13/13 MP: 3/3
   119 | D:1      | Learned a level 1 spell: Animate Skeleton
   159 | D:1      | Reached XP level 2. HP: 18/19 MP: 3/5
   828 | D:1      | Reached XP level 3. HP: 21/24 MP: 3/6
   935 | D:1      | Learned a level 3 spell: Vampiric Draining
  1458 | D:2      | Noticed Robin
  1488 | D:2      | Killed Robin
  1523 | D:2      | Reached XP level 4. HP: 25/30 MP: 1/8
  1639 | D:2      | Learned a level 1 spell: Pain
  1644 | D:2      | Learned a level 4 spell: Animate Dead
  2069 | D:2      | Found a bloodstained altar of Trog.
  2428 | D:3      | Reached skill level 5 in Necromancy
  2924 | D:3      | Found a runed translucent door.
  3061 | D:3      | Reached XP level 5. HP: 28/35 MP: 2/10
  3210 | D:3      | Found a shimmering blue altar of Sif Muna.
  3264 | D:3      | Noticed a hornet
  3264 | D:3      | Noticed IdlyInterested's ghost (amateur TeAr)
  3578 | D:4      | Found an opulent altar of Gozag.
  3697 | D:4      | Found a sand-covered staircase.
  3725 | D:4      | Slain by an orc wizard

Illustrated notes

Levels and vault maps discovered:
D:1:      ebering_trefoil_3fold, layout_loops_cross, minmay_shallow_snake_nest
D:2:      layout_loops_ring, marbit_many_paths, uniq_robin
D:3:      layout_rooms, led_sif_pool, ebering_ghost_inner_flame
D:4:      layout_loops_cross, grunt_gozag_statues, serial_shops,
          nicolae_shop_statue_plus, lightli_ossuary_entry_decrepit_ruins,
          portal_sewer_entry_d

Skill      XL: |  1  2  3  4 |
---------------+-------------+-----
Spellcasting   | 3 |  3.8
Necromancy     | 5 |  5.4
Dodging        | |  2.0
Stealth        | |  2.0

Action                   |  1- 3 |  4- 6 || total
-------------------------+-------+-------++-------
Melee: Flail             |       |     3 ||     3
 Cast: Pain              |    57 |    90 ||   147
       Animate Skeleton  |     6 |     9 ||    15
       Vampiric Draining |       |     1 ||     1
  Use: Scroll            |       |     5 ||     5
 Stab: Distracted        |       |     1 ||     1
Armor: Robe              |     6 |    11 ||    17
Dodge: Dodged            |    13 |    12 ||    25

Table legend: (Time is in decaauts)
 A = Elapsed time spent in this place.
 B = Non-inter-level travel time spent in this place.
 C = Inter-level travel time spent in this place.
 D = Time resting spent in this place.
 E = Time spent auto-exploring this place.
 F = Levels seen in this place.
 G = Mean time per level.
                   A        B        C        D        E       F      G
               +--------+--------+--------+--------+--------+-----+--------+
         Total |   3724 |   3613 |    111 |     35 |   2900 |   4 |  931.0 |
       Dungeon |   3724 |   3613 |    111 |     35 |   2900 |   4 |  931.0 |
               +--------+--------+--------+--------+--------+-----+--------+

Top non-repeatable levels by time:
     D:1: 1201 daAuts
     D:2: 1127 daAuts
     D:3: 962 daAuts
     D:4: 432 daAuts
